Map: Lightshade LE

Players

Scarlett - Winner!

  • Race: Zerg Zerg

Neeb

  • Race: Protoss Protoss

Event: DreamHack SC2 Masters 2021 Fall

VOD

Have the link to the VOD?

Description

Time

  • Played on: Aug. 15, 2021, 5:04 p.m.
  • Length: 9:22

All games in this series

Show
View Real Time Build Order
Export as new Build Order

Scarlett Zerg - Winner!

Build Orders: Pool First 

Get SALT Encoding   

  12  0:00  Drone  
  13  0:12  Overlord  
  13  0:17  Drone  
  14  0:30  Drone x2  
  14  0:35  Drone  
  17  0:44  Spawning Pool  
  17  0:48  Drone  
  17  1:10  Hatchery  
  16  1:12  Drone  
  16  1:17  Extractor, Drone  
  17  1:30  Zergling x4  
  19  1:36  Queen  
  21  1:41  Overlord  
  21  1:51  Drone  
  22  2:00  Drone  
  23  2:11  Queen, Drone  
  26  2:23  Metabolic Boost, Drone  
  26  2:25  Drone  
  26  2:26  Queen  
  30  2:34  Drone x2  
  32  2:44  Drone x4  
  36  2:48  Overlord  
  35  3:04  Hatchery  
  34  3:09  Spore Crawler  
  32  3:15  Drone x4  
  32  3:17  Overlord  
  37  3:23  Queen  
  39  3:28  Drone x3  
  39  3:31  Zergling x2  
  39  3:32  Zergling x2  
  44  3:42  Drone  
  43  3:52  Drone x5  
  43  3:54  Overlord x2  
  46  4:00  Overlord x2  
  46  4:12  Spore Crawler  
  46  4:13  Queen  
  46  4:15  Drone x5  
  51  4:21  Queen  
  53  4:26  Drone x3  
  56  4:32  Drone x5  
  56  4:34  Drone  
  62  4:43  Drone x5  
  67  4:47  Roach Warren  
  67  4:49  Extractor x2  
  67  4:52  Queen  
  66  5:01  Drone x7  
  66  5:04  Overlord  
  66  5:06  Extractor  
  72  5:10  Spore Crawler  
  70  5:19  Drone x4  
  71  5:26  Spore Crawler  
  71  5:28  Roach x5  
  80  5:34  Roach x4  
  88  5:37  Overlord x2  
  88  5:45  Zergling x2  
  88  5:46  Overlord x3  
  88  5:56  Zergling x2  
  88  5:57  Zergling x8  
  91  5:59  Ravager x4  
  91  6:01  Zergling x4  
  91  6:02  Zergling x2  
  97  6:05  Ravager x2  
  97  6:07  Zergling x6  
  102  6:12  Ravager  
  102  6:14  Zergling x8  
  102  6:17  Zergling x4  
  109  6:20  Ravager  
  109  6:24  Zergling x6  
  112  6:26  Ravager  
  112  6:30  Zergling x8  
  112  6:38  Zergling x12  
  112  6:43  Zergling x4  
  107  6:52  Roach x3  
  107  6:58  Zergling x6  
  106  7:06  Zergling x2  
  106  7:07  Zergling x4  
  104  7:12  Zergling x4  
  104  7:13  Queen x2  
  104  7:15  Lair  
  97  7:23  Zergling x6  
  97  7:27  Zergling x2  
  97  7:29  Evolution Chamber  
  103  7:30  Ravager x3  
  103  7:36  Hatchery  
  102  7:38  Zergling x6  
  103  7:48  Drone x3  
  103  7:49  Queen x2  
  110  7:56  Drone  
  110  7:57  Drone  
  112  7:59  Extractor  
  105  8:13  Drone x4  
  105  8:19  Drone x2  
  111  8:23  Overseer  
  110  8:30  Drone x10  
  110  8:33  Extractor  
  119  8:39  Overlord  
  119  8:43  Roach x2  
  123  8:54  Roach x4  
  129  8:58  Roach x4  
  129  8:59  Overlord, Roach x2  
Show
View Real Time Build Order
Export as new Build Order

Neeb Protoss 

Build Orders: 1 Gate Expand, Oracle Opening 

Get SALT Encoding   

  12  0:00  Probe  
  13  0:12  Probe  
  14  0:20  Pylon  
  14  0:24  Probe  
  15  0:38  Probe (Chrono Boost)  
  15  0:41  Gateway  
  16  0:47  Probe (Chrono Boost)  
  17  0:50  Assimilator  
  17  0:52  Probe  
  18  1:04  Probe  
  19  1:16  Probe  
  20  1:25  Nexus  
  20  1:37  Cybernetics Core  
  20  1:39  Probe  
  21  1:45  Assimilator  
  21  1:48  Zealot (Chrono Boost)  
  23  1:55  Pylon  
  23  2:10  Adept (Chrono Boost)  
  23  2:13  Probe  
  26  2:17  Gateway  
  26  2:28  Stargate  
  26  2:33  Probe  
  27  2:38  Probe  
  27  2:43  Adept  
  30  2:47  Probe  
  31  2:51  Probe (Chrono Boost)  
  32  3:03  Probe (Chrono Boost)  
  32  3:04  Probe (Chrono Boost)  
  34  3:05  Void Ray (Chrono Boost)  
  35  3:13  Probe (Chrono Boost)  
  35  3:14  Probe (Chrono Boost)  
  35  3:17  Warp Gate  
  40  3:20  Probe  
  40  3:23  Probe  
  42  3:27  Pylon  
  42  3:33  Probe  
  43  3:35  Probe  
  43  3:41  Pylon  
  44  3:43  Oracle (Chrono Boost)  
  44  3:47  Probe  
  48  3:51  Probe  
  45  3:56  Adept x2  
  45  3:59  Probe  
  50  4:03  Probe  
  50  4:04  Pylon  
  51  4:12  Probe  
  51  4:13  Oracle  
  51  4:15  Probe  
  56  4:24  Probe  
  57  4:27  Probe  
  57  4:29  Nexus  
  58  4:34  Pylon  
  58  4:39  Probe  
  58  4:42  Assimilator  
  58  4:44  Assimilator, Robotics Facility  
  59  4:46  Probe  
  60  4:53  Probe  
  60  4:58  Forge  
  60  4:59  Probe  
  62  5:01  Twilight Council  
  62  5:06  Shield Battery, Probe  
  63  5:09  Pylon  
  63  5:11  Probe  
  64  5:21  Probe  
  65  5:24  Probe  
  65  5:26  Sentry x2  
  70  5:29  Gateway  
  70  5:31  Gateway  
  70  5:33  Probe, Immortal (Chrono Boost)  
  75  5:36  Probe  
  76  5:48  Shield Battery  
  76  5:50  Shield Battery  
  76  5:52  Sentry, Stalker  
  76  5:55  Shield Battery  
  76  5:56  Shield Battery  
  78  6:02  Photon Cannon  
  76  6:05  Immortal (Chrono Boost)  
  80  6:18  Pylon  
  80  6:19  Stalker x2  
  84  6:30  Stalker  
  84  6:31  Stalker  
  84  6:32  Probe  
  89  6:38  Immortal (Chrono Boost)  
  80  6:45  Stalker x2  
  86  6:53  Shield Battery  
  86  6:54  Stalker  
  86  6:55  Shield Battery  
  82  7:02  Stalker  
  82  7:07  Immortal (Chrono Boost)  
  84  7:10  Stalker  
  84  7:11  Stalker  
  77  7:23  Probe  
  70  7:30  Stalker x2  
  70  7:33  Dark Shrine  
  70  7:37  Pylon  
  74  7:39  Warp Prism  
  74  7:42  Pylon  
  74  7:43  Stalker x2  
  80  7:58  Pylon  
  80  7:59  Pylon  
  80  8:00  Pylon  
  80  8:05  Zealot x2  
  84  8:07  Zealot  
  86  8:14  Immortal (Chrono Boost)  
  86  8:15  Pylon  
  90  8:26  Zealot x2  
  94  8:31  Gateway  
  94  8:34  Gateway  
  94  8:36  Gateway  
  94  8:47  Dark Templar x2  
  98  8:53  Gateway  
  98  8:54  Gateway  
  98  8:58  Observer  

Tags
 
Add a new tag
Caveats
  • Supply blocks, unpowered buildings, or Contaminate may cause inaccurate times.
  • Supply counts are checked every 10 seconds.